 Dungeon Crawl Stone Soup version 0.27-a0-1147-gb3d8e82157 (webtiles) character file.

Game seed: 11299055555095670319

9770 Froggeryz the Cruncher (level 11, -9/67 HPs)
             Began as a Gargoyle Ice Elementalist on May 12, 2021.
             Was a Believer of Vehumet.
             Mangled by Snorg (19 damage)
             ... on level 10 of the Dungeon.
             The game lasted 00:20:10 (13999 turns).

Froggeryz the Cruncher (Gargoyle Ice Elementalist) Turns: 13999, Time: 00:20:11

Health: -9/67      AC: 20    Str: 22    XL:     11   Next: 51%
Magic:  22/29      EV: 13    Int: 18    God:    Vehumet [**....]
Gold:   181        SH:  0    Dex: 10    Spells: 15/22 levels left

rFire    . . .     SeeInvis +   x - +1 quarterstaff of the Pill Bug {elec, rC- rN+ Str+3 SInv}
rCold    x . .     Faith    .   (shield currently unavailable)
rNeg     + + .     Spirit   .   a - +0 robe
rPois    ∞         Reflect  .   (no helmet)
rElec    +         Harm     .   (no cloak)
rCorr    .         Rampage  .   (no gloves)
Will     .....                  e - +1 pair of boots
Stlth    ++........             (no amulet)
HPRegen  0.21/turn              n - ring of magical power
MPRegen  0.21/turn              d - +6 ring of strength

@: ice-armoured, freezing walls
A: sickness immunity, AC +8, negative energy resistance 1, electricity
resistance, torment resistance 1, petrification resistance
a: Renounce Religion


You were on level 10 of the Dungeon.
You worshipped Vehumet.
Vehumet was pleased with you.
You visited 2 branches of the dungeon, and saw 11 of its levels.
You also visited: Sewer.

You collected 409 gold pieces.
You spent 228 gold pieces at shops.

Inventory:

Hand Weapons
 x - the +1 quarterstaff of the Pill Bug (weapon) {elec, rC- rN+ Str+3 SInv}
   (You bought it in a shop on level 3 of the Dungeon)

   Occasionally, upon striking a foe, it can discharge electrical energy and
   cause terrible harm.
   It affects your strength (+3).
   It makes you vulnerable to cold.
   It protects you from negative energy.
   It lets you see invisible.
Missiles
 m - 4 throwing nets
 G - a curare-tipped dart
Armour
 a - a +0 robe (worn)
 e - a +1 pair of boots (worn)
Magical Staves
 c - a staff of earth
Jewellery
 d - a +6 ring of strength (right hand)
 h - a ring of see invisible
 n - a ring of magical power (left hand)
 r - a ring of protection from fire
 A - a +4 ring of slaying
Wands
 y - a wand of flame (13)
 C - a wand of acid (7)
 F - a wand of iceblast (4)
Scrolls
 g - a scroll of blinking {unknown}
 i - 4 scrolls of teleportation
 l - 4 scrolls of fog
 p - 3 scrolls of amnesia
 q - 2 scrolls of fear
 u - 3 scrolls of identify
 w - a scroll of magic mapping {unknown}
 B - a scroll of acquirement {unknown}
Potions
 b - 9 potions of curing
 f - a potion of flight
 j - a potion of lignification
 k - a potion of degeneration {unknown}
 o - 3 potions of mutation {unknown}
 s - a potion of resistance {unknown}
 t - a potion of haste {unknown}
 z - 2 potions of invisibility {unknown}
 D - a potion of attraction {unknown}
 E - a potion of ambrosia {unknown}


   Skills:
 - Level 7.1 Fighting
 + Level 10.9 Staves
 - Level 4.5 Armour
 - Level 5.4 Dodging
 - Level 2.1 Stealth
 - Level 6.0 Spellcasting
 * Level 8.5 Ice Magic


You had 15 spell levels left.
You knew the following spells:

 Your Spells              Type           Power      Damage    Failure   Level
a - Freeze                Ice            100%       1d11      1%          1
b - Frozen Ramparts       Ice            72%        1d9       1%          3
c - Ozocubu's Armour      Ice            36%        N/A       1%          3

Your spell library contained the following spells:

 Spells                   Type           Power      Damage    Failure   Level
 Searing Ray              Conj           10%        3d3       19%         2
 Animate Skeleton         Necr           10%        N/A       12%         1
 Apportation              Tloc           10%        N/A       12%         1
 Corona                   Hex            5%         N/A       12%         1
 Shock                    Conj/Air       20%        1d4       12%         1
 Summon Small Mammal      Summ           20%        N/A       12%         1
 Static Discharge         Conj/Air       5%         N/A       19%         2
 Hailstorm                Conj/Ice       20%        3d6       21%         4
 Confusing Touch          Hex            5%         N/A       34%         3
 Gell's Gravitas          Tloc           2%         N/A       34%         3
 Swiftness                Air            5%         N/A       34%         3
 Metabolic Englaciation   Hex/Ice        10%        N/A       50%         5
 Airstrike                Air            2%         N/A       75%         4
 Petrify                  Tmut/Erth      5%         N/A       75%         4
 Lightning Bolt           Conj/Air       2%         1d14      97%         5
 Yara's Violent Unravell  Hex/Tmut       2%         3d3       97%         5


Dungeon Overview and Level Annotations

Branches:
Dungeon (10/15)            Temple (1/1) D:7           Sewer (visited)
   Lair: D:8-11         Orc: D:9-12

Altars:
Ashenzari
Cheibriados
Dithmenos
Elyvilon
Fedhas
Gozag
Hepliaklqana
Kikubaaqudgha
Makhleb
Nemelex Xobeh
Okawaru
Qazlal
Ru
Sif Muna
Trog
Uskayaw
Vehumet
Wu Jian
Xom
Yredelemnul
Zin
The Shining One

Shops:
D:1 [   D:2 :   D:3 *

Annotations:
D:10 Snorg, Sonja


Innate Abilities, Weirdness & Mutations

You are immune to sickness and miasma.
Your stone body is resilient. (AC +8)
You are immune to poison.
You resist negative energy. (rN+)
You are resistant to electric shocks. (rElec)
You are resistant to unholy torment.
You are immune to petrification.


Message History

The wall freezes the hornet.
Unknown command.
You feel much better.
The wall freezes Snorg.
Snorg bites you but does no damage. Snorg claws you.
* * * LOW HITPOINT WARNING * * *
Snorg barely misses you.
The wall freezes the hornet.
Unknown command.
You barely miss Snorg.
Snorg is severely wounded.
The frozen ramparts melt away.
Snorg bites you but does no damage. Snorg barely misses you. x2
Unknown command.
Casting: Frozen Ramparts (safe; 1% risk of failure)
Confirm with . or Enter, or press ? or * to list all spells.
Casting: Frozen Ramparts (safe; 1% risk of failure)
Press: ? - help, Dir - look around, f - activate The walls around you are covered in ice.
The wall freezes Snorg.
Snorg barely misses you. Snorg claws you!
* * * LOW HITPOINT WARNING * * *
Snorg claws you.
* * * LOW HITPOINT WARNING * * *
The wall freezes the hornet.
The wall freezes Snorg.
Snorg closely misses you. Snorg claws you but does no damage. Snorg claws you.
* * * LOW HITPOINT WARNING * * *
The wall freezes the hornet.
Unknown command.
You feel much better.
The wall freezes Snorg.
Snorg bites you but does no damage. Snorg closely misses you.
Snorg claws you but does no damage.
The wall freezes the hornet.
You barely miss Snorg.
Snorg is severely wounded.
Snorg is no longer covered in acid.
The wall freezes Snorg.
Snorg bites you.
Snorg barely misses you. x2; The wall freezes the hornet.
You hit Snorg. Lightning courses through Snorg!
Snorg is almost dead.
The wall freezes Snorg.
Snorg bites you!
* * * LOW HITPOINT WARNING * * *
Snorg closely misses you. Snorg claws you but does no damage.
The wall freezes the hornet.
The wall freezes Snorg.
Snorg bites you!!
You die...

####.###....... ..
##.##..#......## ..##
#.............## .....
#............... .....#
##..#........... ......#
#..#........... .......
##..##..........
.......##...............
#......@Ty..#.##........
#......##...#...........
....... #...............
....#.. >...............
... ##...T...........#..
.. ................#.. .
.......###..##.....
........# #. #.....
....# ##....


You could see Snorg (berserk) and a hornet.

Vanquished Creatures
  2 two-headed ogres
  A gargoyle (D:10)
  2 kobold demonologists (D:10)
  A shadow (D:10)
  2 wyverns
  17 yaks
  A basilisk (D:9)
  Menkaure (D:7)
  A water moccasin (D:6)
  An ice beast (D:5)
  5 orc warriors
  2 necrophages (D:6)
  2 sky beasts (D:8)
  4 ogres
  A centaur (D:8)
  A phantom (D:6)
  3 kobold brigands
  3 bullfrogs
  A gnoll sergeant (D:9)
  2 scorpions
  A water moccasin skeleton (D:5)
  7 wights
  4 killer bees (D:9)
  A howler monkey (D:5)
  2 bullfrog zombies
  3 centaur zombies
  2 gnoll shamans
  2 hounds (D:4)
  2 jellies
  8 orc priests
  A bullfrog skeleton (D:7)
  6 iguanas
  13 orc wizards
  2 howler monkey zombies
  A howler monkey skeleton (D:5)
  16 gnolls
  11 adders
  4 river rats (D:4)
  A shadow imp (D:6)
  A white imp (D:6)
  An ufetubus (D:5)
  4 worms (D:4)
  46 orcs
  8 ball pythons
  8 endoplasms
  A giant cockroach (D:4)
  9 goblins
  2 hobgoblins (D:2)
  7 jackals (Sewer)
  28 kobolds
  4 quokkas
  3 bats
  6 frilled lizards
  8 rats
276 creatures vanquished.

Vanquished Creatures (others)
  5 fungi (D:2)
  12 plants
17 creatures vanquished.

Grand Total: 293 creatures vanquished

Notes
Turn   | Place    | Note
-------+----------+-------------------------------------------
     0 | D:1      | Froggeryz the Gargoyle Ice Elementalist began the quest for
                  | the Orb.
     0 | D:1      | Reached XP level 1. HP: 10/10 MP: 3/3
   505 | D:1      | Found Peluu's Armour Emporium.
   513 | D:1      | Reached XP level 2. HP: 15/15 MP: 5/5
  1041 | D:2      | Found a hide-covered altar of Uskayaw.
  1145 | D:2      | Reached skill level 5 in Ice Magic
  1145 | D:2      | Reached XP level 3. HP: 14/19 MP: 3/6
  1407 | D:2      | Found a faded altar of an unknown god.
  1422 | D:2      | Found Hicaj's Book Shop.
  2294 | D:3      | Learned a level 3 spell: Frozen Ramparts
  2424 | D:3      | Reached XP level 4. HP: 19/24 MP: 3/7
  2656 | D:3      | Found Qolori's Assorted Antiques.
  2754 | D:3      | Bought a scroll labelled SOMYSU INU JUI for 19 gold pieces
  2754 | D:3      | Bought a scroll labelled QITOEMP UROU for 19 gold pieces
  2754 | D:3      | Bought a scroll labelled OKITOCVIRPH for 19 gold pieces
  2925 | D:4      | Reached XP level 5. HP: 21/28 MP: 3/8
  3237 | D:4      | Found a glowing drain.
  3242 | Sewer    | Entered a sewer
  3403 | Sewer    | Reached XP level 6. HP: 32/32 MP: 5/9
  4618 | D:4      | Reached XP level 7. HP: 10/36 MP: 6/10
  4888 | D:5      | Entered Level 5 of the Dungeon
  5060 | D:5      | Reached skill level 1 in Fighting
  5060 | D:5      | Reached skill level 1 in Staves
  5100 | D:5      | Reached skill level 2 in Staves
  5733 | D:5      | Reached skill level 3 in Staves
  6189 | D:5      | Reached XP level 8. HP: 15/48 MP: 9/11
  6784 | D:6      | Learned a level 3 spell: Ozocubu's Armour
  7288 | D:6      | Reached skill level 4 in Staves
  7505 | D:6      | Reached skill level 5 in Fighting
  7572 | D:6      | Reached skill level 5 in Staves
  8213 | D:6      | Reached XP level 9. HP: 56/56 MP: 6/12
  8604 | D:6      | Reached skill level 6 in Staves
  9200 | D:7      | Noticed Menkaure
  9208 | D:7      | Killed Menkaure
  9352 | D:3      | Bought a smoking quarterstaff for 171 gold pieces
  9352 | D:3      | Identified the +1 quarterstaff of the Pill Bug {elec, rC-
                  | rN+ Str+3 SInv} (You bought it in a shop on level 3 of the
                  | Dungeon)
  9691 | D:7      | Found a staircase to the Ecumenical Temple.
  9715 | Temple   | Entered the Ecumenical Temple
  9999 | Temple   | Became a worshipper of Vehumet
 10065 | D:7      | Reached skill level 7 in Staves
 10497 | D:8      | Noticed a two-headed ogre
 10856 | D:8      | Killed a two-headed ogre
 10857 | D:8      | Reached skill level 8 in Staves
 10857 | D:8      | Reached XP level 10. HP: 32/63 MP: 11/13
 11126 | D:8      | Reached skill level 5 in Dodging
 11126 | D:8      | Reached * piety under Vehumet
 11126 | D:8      | Offered knowledge of Foxfire by Vehumet.
 11142 | D:8      | Identified the +5 ring mail of Vuelith {Contam Str+6}
 11297 | D:8      | Reached skill level 9 in Staves
 11601 | D:8      | Found a bloodstained altar of Trog.
 12291 | D:9      | Offered knowledge of Searing Ray by Vehumet.
 12302 | D:9      | Reached ** piety under Vehumet
 12789 | D:9      | Reached skill level 5 in Spellcasting
 12803 | D:9      | Reached XP level 11. HP: 50/67 MP: 19/19
 12943 | D:9      | Reached skill level 10 in Staves
 12950 | D:9      | Reached skill level 1 in Armour
 13385 | D:10     | Entered Level 10 of the Dungeon
 13385 | D:10     | Noticed a two-headed ogre
 13434 | D:10     | Noticed Sonja
 13689 | D:10     | Killed a two-headed ogre
 13982 | D:10     | Noticed Snorg
 13996 | D:10     | HP: 3/67 [Snorg (5)]
 13996 | D:10     | HP: 1/67 [Snorg (2)]
 13999 | D:10     | Mangled by Snorg

Illustrated notes

Levels and vault maps discovered:
D:1:      lemuel_arrival_muddy, layout_rooms, serial_shops, nicolae_shop_trees
D:2:      layout_loops_ring, shapermc_ecumenical_altar_mp_urbaneastern,
          basic_altar, serial_shops, shop
D:3:      layout_basic, serial_shops, shop
D:4:      layout_basic, lightli_sewer_entry_pipes, minmay_misc_feat_five
D:5:      layout_cave_pods, minmay_misc_feat_iff, minmay_misc_feat_plants,
          hex_medium
D:6:      layout_layer_cave
D:7:      layout_cave_pools, minmay_temple_entry_arrows, item_on_display_a,
          uniq_menkaure
D:8:      layout_basic, trog_butcher_becter, special_room [special_room_orc]
D:9:      layout_roguey
D:10:     layout_cave_pools, uniq_sonja, uniq_snorg
Temple:   compressed_dpeg_triangle_lava_temple

Skill      XL: |  1  2  3  4  5  6  7  8  9 10 11 |
---------------+----------------------------------+-----
Ice Magic      | 5 6 7 8 |  8.5
Fighting       | 3 6 7 |  7.1
Staves         | 3 5 8 9 10 | 10.9
Dodging        | 4 5 |  5.4
Spellcasting   | 5 6 |  6.0
Armour         | 4 |  4.5
Stealth        | |  2.1

Action                   |  1- 3 |  4- 6 |  7- 9 | 10-12 || total
-------------------------+-------+-------+-------+-------++-------
Melee: Unarmed           |    12 |       |       |       ||    12
       Staff             |    51 |    48 |   324 |       ||   423
       Quarterstaff      |       |       |    50 |   142 ||   192
 Cast: Freeze            |    34 |    79 |    28 |     5 ||   146
       Frozen Ramparts   |     1 |     4 |    31 |    27 ||    63
       Ozocubu's Armour  |       |       |    14 |    10 ||    24
Evoke: Wand              |       |       |     2 |     2 ||     4
  Use: Scroll            |     1 |     8 |     4 |       ||    13
       Potion            |       |       |     2 |     5 ||     7
 Stab: Sleeping          |     2 |     1 |     1 |       ||     4
Armor: Robe              |    26 |    46 |   175 |    75 ||   322
       Skin              |       |       |    10 |       ||    10
Dodge: Dodged            |    62 |    60 |   203 |   120 ||   445

Table legend: (Time is in decaauts)
 A = Elapsed time spent in this place.
 B = Non-inter-level travel time spent in this place.
 C = Inter-level travel time spent in this place.
 D = Time resting spent in this place.
 E = Time spent auto-exploring this place.
 F = Levels seen in this place.
 G = Mean time per level.
                   A        B        C        D        E       F      G
               +--------+--------+--------+--------+--------+-----+--------+
         Total |  14169 |  13615 |    554 |   2141 |   9294 |  12 | 1180.8 |
       Dungeon |  12845 |  12303 |    542 |   2096 |   8247 |  10 | 1284.5 |
        Temple |    300 |    288 |     12 |      0 |    268 |   1 |  300.0 |
         Sewer |   1023 |   1023 |      0 |     45 |    779 |   1 | 1023.0 |
               +--------+--------+--------+--------+--------+-----+--------+

Top non-repeatable levels by time:
     D:6: 2076 daAuts
     D:5: 1720 daAuts
     D:4: 1609 daAuts
     D:8: 1558 daAuts
     D:9: 1352 daAuts
     D:2: 1104 daAuts
     D:7: 1070 daAuts
   Sewer: 1023 daAuts
     D:1: 1008 daAuts
     D:3: 832 daAuts
    D:10: 511 daAuts
  Temple: 300 daAuts
